 Dungeon Crawl Stone Soup version 0.19.5 (webtiles) character file.

30 YourSirLucifer the Gusty (level 3, -1/24 HPs)
             Began as a Demonspawn Air Elementalist on May 5, 2017.
             Slain by an adder (3 damage)
             ... on level 2 of the Dungeon.
             The game lasted 00:04:29 (1448 turns).

YourSirLucifer the Gusty (DsAE)                     Turns: 1448, Time: 00:04:29

Health: -1/24      AC:  2    Str:  8    XL:     3   Next: 5%
Magic:  1/6        EV: 11    Int: 17    God:
Gold:   122        SH:  5    Dex: 13    Spells: 3 memorised, 2 levels left

rFire  . . .     SeeInvis .     (no weapon)
rCold  . . .     Gourm    .     a - +0 robe
rNeg   . . .     Faith    .     (no shield)
rPois  .         Spirit   .     (no helmet)
rElec  .         Reflect  +     (no cloak)
rCorr  .         Harm     .     (no gloves)
MR     .....                    (no boots)
Stlth  ..........               g - +5 amulet of reflection
                                (no ring)
                                e - ring of loudness (curse)

@: lethally poisoned (-1 -> -6), very slightly contaminated, heavily drained
A: powered by pain 1
a: no special abilities


You were on level 2 of the Dungeon.
You were hungry.

You visited 1 branch of the dungeon, and saw 2 of its levels.

You collected 122 gold pieces.

Inventory:

Armour
 a - a +0 robe (worn)
 d - a +0 chain mail of poison resistance
Jewellery
 e - a cursed ring of loudness (left hand)
 g - a +5 amulet of reflection (around neck)
 j - an uncursed amulet of harm
Scrolls
 i - a scroll of identify {unknown}
Potions
 f - 3 potions of agility {unknown}
 l - a potion of cancellation {unknown}
Books
 b - a book of Air

   Spells                             Type                      Level
   a - Shock                          Conjuration/Air              1
   b - Swiftness                      Charms/Air                   2
   c - Repel Missiles                 Charms/Air                   2
   d - Static Discharge               Conjuration/Air              3
   e - Lightning Bolt                 Conjuration/Air              5
Comestibles
 c - 2 bread rations
 h - a royal jelly
 k - a beef jerky


   Skills:
 + Level 1.8(0.2) Dodging
 - Level 1.7(0.1) Stealth
 + Level 2.5(0.9) Spellcasting
 + Level 1.5(0.0) Conjurations
 + Level 3.1(1.5) Air Magic


You had 2 spell levels left.
You knew the following spells:

 Your Spells              Type           Power        Failure   Level  Hunger
a - Shock                 Conj/Air       #...         21%         1    ##.....
b - Repel Missiles        Chrm/Air       #.....       30%         2    ###....
c - Swiftness             Chrm/Air       #.......     30%         2    ###....


Dungeon Overview and Level Annotations

Branches:
Dungeon (2/15)

Altars:


Innate Abilities, Weirdness & Mutations

You sometimes gain a little power by taking damage.


Message History

The adder is heavily wounded.
You are feeling hungry.
The adder bites you.
You hit the adder.
The adder is heavily wounded.
The adder misses you. The adder bites you.
You hit the adder.
The adder is almost dead.
The adder bites you.
* * * LOW HITPOINT WARNING * * *
You are lethally poisoned!
The adder poisons you!
You closely miss the adder.
The adder is almost dead.
* * * LOW HITPOINT WARNING * * *
You feel sick. You block the adder's attack.
You miss the adder.
The adder is almost dead.
The adder bites you but does no damage. The adder bites you.
You die...

.............#..........
........... ..!....?...
........# ###..........
.......# ............
†......# #+###..........
##'###.# ..............!
#.(##.#..........#
##.....#........S##
.....#.#........@#########
#...##.#.................#
#...##.#.................#
#....#.#.................####
#..#.#)#....................#
...#..÷#....................#
.......'....................#
##..#..#....................#
#..#..#....................#


You could see an adder.

Vanquished Creatures
  A dart slug (D:1)
  3 bats
  2 giant cockroaches (D:1)
  A goblin (D:1)
  4 hobgoblins (D:1)
  4 jackals (D:1)
  3 kobolds
  A quokka (D:2)
  2 frilled lizards (D:1)
  4 rats
25 creatures vanquished.

Notes
Turn   | Place    | Note
-------+----------+-------------------------------------------
     0 | D:1      | YourSirLucifer the Demonspawn Air Elementalist began the quest for the Orb.
     0 | D:1      | Reached XP level 1. HP: 13/13 MP: 3/3
   151 | D:1      | Gained mutation: You sometimes gain a little power by taking damage. [demonic ancestry]
   151 | D:1      | Reached XP level 2. HP: 14/19 MP: 0/5
   287 | D:1      | Reached skill level 3 in Air Magic
   801 | D:1      | Learned a level 2 spell: Repel Missiles
   804 | D:1      | Learned a level 2 spell: Swiftness
  1111 | D:2      | Reached XP level 3. HP: 2/24 MP: 0/6
  1448 | D:2      | Slain by an adder

Skill      XL: |  1  2 |
---------------+-------+-----
Air Magic      | 3 |  3.1
Dodging        | |  1.8
Stealth        | |  1.7
Spellcasting   | |  2.5
Conjurations   | |  1.5

Action                   || total
-------------------------++-------
Melee: Unarmed           ||    42
 Cast: Shock             ||    53
  Use: Scroll            ||     1
  Eat: Chunk             ||     2
Armor: Robe              ||     9
Dodge: Dodged            ||    49
Block: Other             ||     6
